cohdb
Replays
Latest Replays
All Replays
Popular Replays
Top Player Replays
Match Explorer
How It Works
Community
CoH3 Stats
Reddit
Sign in to upload your games and track your stats! →
Sign in with Steam
Match 43973639
Unlisted
Match 43973639
Overview
Messages
Build Orders
End
Vickers Machine Gun Team
Selects Canadian Shock Battlegroup
Construct Section Command Post
Dingo Light Scout Car
Selects Attacking Spirit
Selects Canadian Shock Section
Canadian Shock Section
ML 3-inch Mortar Team
Canadian Shock Section
Construct Platoon Command Post
Unlock M3 Stuart Light Tanks
M3 Stuart Light Tank
M3 Stuart Light Tank
Selects Incendiary Munitions
Selects Pyrotechnics
Construct Field Infirmary
6-pounder Anti-tank Gun Team
CMP 15cwt Truck
Royal Engineer Section
Selects Churchill Crocodile Heavy Tank
Churchill Crocodile Heavy Tank
Canadian Shock Section
Zapata
DimScorp
KirelCD
yarang
Gatom
Weissweinschorle - Das Original
0
0
Comments
sign in to comment!
No comments posted yet!